Map: Proxima Station LE

Players

LiquidTLO (TLO) - Winner!

  • Race: Zerg Zerg
  • Spawn Location: 1:00

Gauss

  • Race: Protoss Protoss
  • Spawn Location: 7:00

Event: IEM XI Katowice - World Championship 2017

VOD

Have the link to the VOD?

Description

Time

  • Played on: Feb. 27, 2017, 6 a.m.
  • Length: 11:27

All games in this series

Show
View Real Time Build Order
Export as new Build Order

LiquidTLO Zerg - Winner!

Build Orders: Hatch First 

Get SALT Encoding   

  12  0:00  Drone  
  13  0:12  Overlord  
  13  0:17  Drone  
  14  0:30  Drone  
  14  0:33  Drone  
  16  0:51  Hatchery, Drone  
  16  0:56  Drone  
  17  1:09  Spawning Pool  
  16  1:13  Drone  
  16  1:16  Drone  
  18  1:20  Extractor  
  17  1:25  Drone  
  17  1:29  Drone  
  19  1:39  Overlord  
  19  1:56  Queen  
  19  1:57  Zergling x2  
  19  2:00  Zergling x2  
  23  2:02  Queen  
  23  2:03  Drone  
  26  2:12  Zergling x2  
  26  2:14  Zergling x2, Evolution Chamber  
  27  2:20  Metabolic Boost  
  26  2:32  Zergling x4  
  28  2:51  Hatchery  
  27  2:59  Drone x2  
  27  3:01  Drone  
  30  3:08  Overlord  
  30  3:13  Overlord  
  30  3:16  Drone  
  29  3:20  Drone  
  29  3:26  Overlord  
  30  3:35  Drone x2  
  30  3:40  Drone  
  32  3:41  Drone  
  32  3:45  Drone  
  33  4:05  Drone  
  33  4:06  Queen, Drone  
  33  4:07  Drone  
  33  4:09  Drone  
  39  4:11  Drone  
  39  4:12  Zergling x2  
  39  4:14  Zergling x2  
  42  4:21  Zergling x2  
  43  4:24  Zergling x2  
  44  4:32  Zergling x2  
  44  4:37  Zergling x2  
  46  4:41  Pneumatized Carapace  
  46  4:44  Overlord, Drone  
  48  4:45  Drone  
  48  4:48  Drone  
  48  4:49  Drone  
  46  5:00  Drone  
  46  5:01  Drone  
  48  5:07  Spore Crawler, Hatchery  
  48  5:09  Spore Crawler, Drone  
  48  5:11  Drone  
  47  5:16  Drone x2  
  47  5:19  Drone  
  47  5:20  Drone  
  51  5:23  Roach Warren, Drone  
  51  5:26  Zerg Melee Weapons Level 1  
  51  5:31  Drone x2  
  51  5:32  Drone  
  51  5:33  Drone  
  51  5:34  Drone  
  56  5:39  Extractor  
  55  5:44  Drone  
  55  5:45  Drone  
  57  5:54  Drone  
  57  5:56  Overlord  
  58  6:01  Lair, Spore Crawler  
  57  6:06  Extractor  
  57  6:07  Drone x3  
  57  6:08  Drone  
  57  6:09  Extractor, Drone x2  
  57  6:11  Drone  
  62  6:12  Drone  
  63  6:19  Drone  
  63  6:21  Drone  
  63  6:23  Drone  
  66  6:29  Roach  
  72  6:32  Roach  
  72  6:33  Roach  
  72  6:34  Extractor  
  71  6:41  Drone x3  
  71  6:44  Drone x3  
  71  6:45  Roach  
  79  6:48  Roach  
  79  6:50  Overlord  
  79  6:52  Overlord  
  81  6:54  Extractor  
  81  6:55  Overlord  
  81  6:57  Overlord  
  81  7:00  Glial Reconstitution  
  80  7:02  Spire, Roach  
  80  7:03  Overseer  
  80  7:06  Overlord, Drone  
  80  7:07  Overlord  
  82  7:11  Roach  
  82  7:12  Roach  
  82  7:13  Roach  
  82  7:14  Roach  
  90  7:16  Drone  
  90  7:17  Drone  
  90  7:20  Drone  
  90  7:21  Overlord  
  93  7:24  Roach  
  93  7:25  Roach  
  93  7:26  Roach  
  93  7:28  Overlord  
  99  7:32  Zerg Melee Weapons Level 2  
  99  7:35  Drone  
  99  7:36  Drone x2  
  102  7:43  Drone  
  103  7:44  Drone  
  103  7:47  Drone  
  103  7:51  Hatchery, Drone  
  105  7:52  Drone  
  106  8:02  Drone x6  
  106  8:03  Drone x2  
  106  8:05  Overlord  
  114  8:07  Zergling x2, Roach x2  
  114  8:11  Overlord  
  119  8:14  Mutalisk, Zerg Flyer Weapons Level 1  
  119  8:16  Mutalisk  
  119  8:19  Mutalisk  
  123  8:20  Extractor  
  123  8:22  Mutalisk  
  123  8:25  Mutalisk, Extractor  
  123  8:26  Mutalisk  
  127  8:29  Mutalisk  
  127  8:31  Mutalisk  
  133  8:38  Mutalisk x2  
  133  8:40  Mutalisk  
  138  8:43  Roach  
  138  8:44  Roach  
  138  8:46  Roach  
  138  8:47  Roach  
  138  8:48  Roach  
  144  8:51  Roach x2  
  144  8:53  Drone  
  148  8:55  Zergling x2  
  148  8:56  Zergling x2  
  148  9:00  Roach  
  148  9:01  Mutalisk  
  154  9:03  Zergling x2  
  154  9:04  Zergling x2  
  154  9:08  Zergling x2  
  154  9:09  Zergling x2  
  155  9:10  Zergling x4  
  155  9:11  Zergling x2  
  155  9:14  Mutalisk x2  
  159  9:19  Mutalisk x2  
  159  9:23  Zergling x4  
  159  9:24  Zergling x2  
  158  9:27  Zergling x2  
  158  9:28  Zergling x2  
  160  9:33  Overlord x3  
  160  9:47  Overlord x2  
  158  9:54  Hatchery  
  158  9:55  Zergling x2  
  158  9:56  Zergling x12  
  158  9:58  Ravager x8  
  171  10:00  Zergling x2  
  171  10:04  Ravager x2  
  171  10:05  Ravager x3  
  171  10:06  Zergling x4  
  176  10:18  Zergling x2  
  168  10:27  Roach x5  
  167  10:29  Roach  
  167  10:33  Roach  
  168  10:35  Zergling x2  
  168  10:36  Zergling x2  
  168  10:39  Zergling x2  
  168  10:40  Zergling x4  
  168  10:41  Zergling x2  
  162  10:43  Mutalisk x2  
  162  10:44  Zergling x6  
  162  10:46  Zergling x2  
  160  10:53  Roach x2  
  160  10:54  Mutalisk x2  
  160  10:56  Zergling x2, Overseer  
  157  10:57  Mutalisk  
  157  10:58  Mutalisk, Roach  
  157  10:59  Mutalisk x2  
  157  11:01  Zergling x2  
  157  11:03  Zergling x2  
  157  11:04  Zergling x2  
  168  11:05  Zergling x2  
  168  11:06  Roach x2  
Show
View Real Time Build Order
Export as new Build Order

Gauss Protoss 

Build Orders: Nexus First 

Get SALT Encoding   

  12  0:00  Probe (Chrono Boost)  
  13  0:11  Probe (Chrono Boost)  
  14  0:19  Pylon  
  14  0:22  Probe (Chrono Boost)  
  15  0:37  Probe (Chrono Boost)  
  16  0:48  Probe (Chrono Boost)  
  17  1:02  Nexus  
  17  1:14  Forge  
  17  1:20  Pylon  
  17  1:24  Probe (Chrono Boost)  
  18  1:35  Gateway  
  18  1:47  Photon Cannon  
  18  1:55  Photon Cannon  
  19  2:04  Photon Cannon  
  19  2:06  Probe (Chrono Boost)  
  19  2:11  Assimilator  
  19  2:24  Photon Cannon  
  19  2:27  Probe (Chrono Boost)  
  20  2:33  Cybernetics Core  
  20  2:35  Probe (Chrono Boost)  
  21  2:46  Probe (Chrono Boost)  
  21  2:47  Assimilator  
  22  2:52  Pylon  
  22  2:55  Pylon  
  22  3:19  Mothership Core (Chrono Boost)  
  23  3:23  Photon Cannon  
  21  3:43  Adept  
  23  3:55  Probe x2 (Chrono Boost)  
  25  3:58  Assimilator  
  25  4:01  Assimilator  
  25  4:07  Photon Cannon  
  25  4:08  Probe (Chrono Boost)  
  27  4:10  Probe (Chrono Boost)  
  27  4:12  Warp Gate  
  27  4:20  Probe x2 (Chrono Boost)  
  31  4:32  Probe x2 (Chrono Boost)  
  31  4:42  Probe (Chrono Boost)  
  31  4:44  Probe (Chrono Boost)  
  33  4:53  Pylon, Probe (Chrono Boost)  
  33  4:56  Probe (Chrono Boost)  
  35  5:03  Probe (Chrono Boost)  
  35  5:08  Robotics Facility  
  35  5:09  Probe (Chrono Boost)  
  37  5:14  Probe (Chrono Boost)  
  37  5:19  Twilight Council  
  37  5:21  Probe (Chrono Boost)  
  38  5:24  Probe (Chrono Boost)  
  38  5:25  Assimilator  
  39  5:29  Pylon  
  39  5:33  Probe (Chrono Boost)  
  39  5:35  Probe (Chrono Boost)  
  39  5:42  Pylon  
  39  5:45  Probe x2 (Chrono Boost)  
  41  5:54  Pylon  
  41  5:56  Probe (Chrono Boost)  
  43  5:57  Probe (Chrono Boost)  
  43  5:59  Resonating Glaives  
  43  6:04  Dark Shrine  
  43  6:07  Probe (Chrono Boost)  
  43  6:09  Probe (Chrono Boost), Gateway  
  43  6:10  Observer  
  46  6:17  Gateway, Probe (Chrono Boost)  
  47  6:21  Probe (Chrono Boost)  
  48  6:26  Gateway  
  48  6:27  Protoss Ground Armor Level 1  
  48  6:28  Probe (Chrono Boost)  
  48  6:31  Warp Prism  
  51  6:39  Probe (Chrono Boost)  
  52  6:47  Pylon  
  52  6:49  Pylon  
  52  6:52  Gateway  
  52  7:02  Probe (Chrono Boost)  
  52  7:03  Probe (Chrono Boost)  
  54  7:13  Probe (Chrono Boost)  
  56  7:15  Probe (Chrono Boost)  
  56  7:19  Stalker x3  
  62  7:23  Probe (Chrono Boost)  
  62  7:24  Gateway  
  62  7:26  Gateway  
  62  7:28  Pylon, Probe (Chrono Boost)  
  63  7:33  Pylon  
  63  7:48  Probe (Chrono Boost)  
  63  7:49  Probe (Chrono Boost)  
  65  8:03  Dark Templar x3  
  65  8:04  Dark Templar x2  
  75  8:08  Pylon, Archon x2  
  75  8:11  Protoss Ground Armor Level 2  
  75  8:14  Nexus  
  75  8:16  Photon Cannon  
  75  8:19  Gateway  
  75  8:22  Pylon  
  75  8:52  Dark Templar x2  
  75  8:53  Stalker x4  
  85  8:57  Archon  
  85  8:58  Stalker  
  73  9:24  Probe (Chrono Boost)  
  69  9:25  Probe (Chrono Boost), Stalker x7  
  69  9:30  Photon Cannon  
  79  9:35  Photon Cannon  
  73  9:40  Photon Cannon  
  73  9:45  Photon Cannon, Stalker  
  75  9:50  Stalker  
  75  9:51  Stalker x2  
  80  9:58  Sentry x2, Stalker  
  80  9:59  Sentry  
  86  10:02  Probe (Chrono Boost)  
  82  10:22  Mothership Core (Chrono Boost)  
  82  10:26  Dark Templar x2  
  70  10:38  Dark Templar  
  64  10:46  Dark Templar  
  64  11:06  Sentry x2  
  64  11:07  Zealot x3  

Tags
 
Add a new tag
Caveats
  • Supply blocks, unpowered buildings, or Contaminate may cause inaccurate times.
  • Supply counts are checked every 10 seconds.